 Dungeon Crawl Stone Soup version 0.29-a0-322-g68df515428 (webtiles) character file.

Game seed: 7753001833868988260

203 Murumi the Skirmisher (level 5, -5/57 HPs)
             Began as an Ogre Chaos Knight on Apr 8, 2022.
             Was a Plaything of Xom.
             Slain by Robin the swamp worm (glowing shapeshifter) (19 damage)
             ... on level 3 of the Dungeon.
             The game lasted 00:09:01 (2745 turns).

Murumi the Skirmisher (Ogre Chaos Knight)           Turns: 2745, Time: 00:09:02

Health: -5/57      AC:  5    Str: 18    XL:     5   Next: 81%
Magic:  5/5        EV: 10    Int: 13    God:    Xom [..*...]
Gold:   183        SH:  0    Dex:  8    Spells: 4/4 levels left

rFire   . . .      SeeInvis .   a - +0 mace (chaos)
rCold   . . .      Faith    .   (no shield)
rNeg    . . .      Spirit   .   b - +2 robe
rPois   .          Reflect  .   (helmet restricted)
rElec   .          Harm     .   (no cloak)
rCorr   .          Rampage  .   (gloves unavailable)
Will    .....                   (boots unavailable)
Stlth   +.........              (no amulet)
HPRegen 0.19/turn               (no ring)
MPRegen 0.09/turn               (no ring)

@: mighty, slowed, studying Summonings, very slow
A: large, unfitting armour, tough skin 1
a: Renounce Religion


You were on level 3 of the Dungeon.
You worshipped Xom.
You were a toy of Xom.
You visited 1 branch of the dungeon, and saw 3 of its levels.

You collected 183 gold pieces.

Inventory:

Hand Weapons
 a - a +0 mace of chaos (weapon)
Missiles
 d - 15 stones (quivered)
Armour
 b - a +2 robe (worn)
Wands
 i - a wand of iceblast (6)
 m - a wand of digging (6)
Scrolls
 f - 2 scrolls of teleportation
 g - 3 scrolls of amnesia
Potions
 e - a potion of attraction
 j - a potion of heal wounds
 k - 2 potions of curing {unknown}
 l - a potion of degeneration {unknown}
Miscellaneous
 c - a piece from Xom's chessboard (15/15)


   Skills:
 + Level 5.0 Fighting
 - Level 3.0 Maces & Flails
 - Level 3.0 Throwing
 - Level 1.0 Armour
 - Level 3.0 Dodging
 - Level 1.0 Stealth
 - Level 1.0 Evocations


You had 4 spell levels left.
You didn't know any spells.
Your spell library contained the following spells:

 Spells                   Type           Power      Damage    Failure   Level
 Animate Skeleton         Necr           0%         N/A       30%         1
 Apportation              Tloc           0%         N/A       30%         1
 Summon Small Mammal      Summ           0%         N/A       30%         1


Dungeon Overview and Level Annotations

Branches:
Dungeon (3/15)

Altars:
Elyvilon

Annotations:
D:3 Robin


Innate Abilities, Weirdness & Mutations

You are too large for most types of armour.
You have tough skin. (AC +1)


Message History

You aren't carrying any pieces of jewellery.
You feel very mighty all of a sudden. Something hits you but does no damage.
Robin breathes miasma at you.
The foul vapour engulfs something!!
Reactivating autopickup.
The endoplasm is engulfed in dark miasma.
The endoplasm seems to slow down.
The endoplasm dies!
You are engulfed in dark miasma.
You are poisoned.
You feel yourself slow down.
You feel very sick.
The hobgoblin is engulfed in dark miasma.
The hobgoblin is poisoned.
The hobgoblin dies!
You feel extremely sick.
You barely miss Robin.
* * * LOW HITPOINT WARNING * * *
You feel very sick. Robin bites you!
* * * LOW HITPOINT WARNING * * *
Robin barely misses you.
Unknown command.
It was a potion of heal wounds.
You feel much better.
You feel very sick. Robin bites you. Robin bites you but does no damage.
You closely miss Robin.
You feel very sick.
Robin the death drake changes into a glowing orange brain!
You completely miss Robin.
You feel sick.
You sock Robin!
Robin is lightly wounded.
You feel sick.
Robin the glowing orange brain changes into a swamp worm!
You closely miss Robin.
You feel sick.
You are no longer poisoned.
Robin bites you!!
You die...
Xom is highly amused!

#...#.#...†#)#
......
#<#.....†.)#
.g...
#)......#.)#
.gg.
..(..(..#..#
....
.#..((####..#
. ....(..#
##)# #. ......
#.# .# ..
..#.... #w##
.# ..
...#..(.. #@.#
.# #..##.#
#..##.#
#...#.#
#.#.#.#
#.#...#
#.##..#
#.##..#
...##.†###


You could see Robin the swamp worm shaped shifter.

Vanquished Creatures
  An orc priest (D:3)
  Jessica (D:2)
  An iguana (D:2)
  3 adders (D:2)
  2 worms (D:2)
  2 dart slugs
  4 orcs
  6 bats
  7 endoplasms
  8 giant cockroaches
  9 goblins
  11 hobgoblins
  A quokka (D:3)
  6 ball pythons
  5 frilled lizards
  6 kobolds
  5 rats
78 creatures vanquished.

Vanquished Creatures (others)
  An orc (D:3)
  An endoplasm (D:3)
  2 hobgoblins (D:3)
4 creatures vanquished.

Grand Total: 82 creatures vanquished

Notes
Turn   | Place    | Note
-------+----------+-------------------------------------------
     0 | D:1      | Murumi the Ogre Chaos Knight began the quest for the Orb.
     0 | D:1      | Reached XP level 1. HP: 24/24 MP: 1/1
   123 | D:1      | XOM: silly message
   152 | D:1      | XOM: divination: detect creatures
   170 | D:1      | Reached XP level 2. HP: 29/32 MP: 2/2
   231 | D:1      | XOM: silly message
   475 | D:1      | XOM: confuse monster(s)
   889 | D:2      | Reached XP level 3. HP: 36/39 MP: 3/3
  1063 | D:2      | Found a white marble altar of Elyvilon.
  1089 | D:2      | Reached skill level 1 in Throwing
  1220 | D:2      | XOM: potion effect (haste)
  1426 | D:2      | Reached XP level 4. HP: 48/48 MP: 4/4
  1459 | D:2      | Reached skill level 1 in Armour
  1627 | D:2      | Reached skill level 1 in Evocations
  1627 | D:2      | Reached skill level 1 in Stealth
  2021 | D:2      | XOM: silly message
  2075 | D:2      | Noticed Jessica
  2080 | D:2      | Killed Jessica
  2081 | D:2      | Reached XP level 5. HP: 52/55 MP: 5/5
  2446 | D:2      | Reached skill level 5 in Fighting
  2663 | D:3      | XOM: cloud trail
  2704 | D:3      | Noticed Robin
  2727 | D:3      | Noticed Robin
  2727 | D:3      | Robin changed into Robin the glowing shapeshifter
  2728 | D:3      | Noticed Robin
  2728 | D:3      | Robin the glowing shapeshifter changed into Robin the
                  | elephant
  2730 | D:3      | Noticed Robin
  2730 | D:3      | Robin the elephant changed into Robin the deep troll
  2731 | D:3      | Noticed Robin
  2731 | D:3      | Robin the deep troll changed into Robin the mana viper
  2734 | D:3      | Noticed Robin
  2734 | D:3      | Robin the mana viper changed into Robin the yaktaur
  2736 | D:3      | Noticed Robin
  2736 | D:3      | Robin the yaktaur changed into Robin the death drake
  2742 | D:3      | Noticed Robin
  2742 | D:3      | Robin the death drake changed into Robin the glowing orange
                  | brain
  2744 | D:3      | Noticed Robin
  2744 | D:3      | Robin the glowing orange brain changed into Robin the swamp
                  | worm
  2745 | D:3      | Slain by Robin the swamp worm (glowing shapeshifter)

Illustrated notes

Levels and vault maps discovered:
D:1:      dpeg_arrival_erosion, layout_loops_cross
D:2:      layout_loops_cross, basic_altar, nrook_uturn, serial_park_tiny_pond,
          minmay_joined_circles, uniq_jessica
D:3:      layout_basic, mainiacjoe_overflow_surrounded_room, uniq_robin

Skill      XL: |  1  2  3  4  5 |
---------------+----------------+-----
Maces & Flails | 3 |  3.0
Dodging        | 3 |  3.0
Throwing       | 2 3 |  3.0
Armour         | 1 |  1.0
Evocations     | 1 |  1.0
Stealth        | 1 |  1.0
Fighting       | 5 |  5.0

Action                   |  1- 3 |  4- 6 || total
-------------------------+-------+-------++-------
Melee: Mace              |    94 |   103 ||   197
       Punch             |     1 |     1 ||     2
Throw: Stone             |    43 |    50 ||    93
  Use: Scroll            |     6 |     1 ||     7
       Potion            |       |     2 ||     2
 Stab: Sleeping          |       |     1 ||     1
       Paralysed         |       |     4 ||     4
       Petrified         |       |     3 ||     3
Armor: Robe              |    20 |    35 ||    55
Dodge: Dodged            |    40 |    70 ||   110

Table legend: (Time is in decaauts)
 A = Elapsed time spent in this place.
 B = Non-inter-level travel time spent in this place.
 C = Inter-level travel time spent in this place.
 D = Time resting spent in this place.
 E = Time spent auto-exploring this place.
 F = Levels seen in this place.
 G = Mean time per level.
                   A        B        C        D        E       F      G
               +--------+--------+--------+--------+--------+-----+--------+
         Total |   2784 |   2571 |    213 |      0 |   2052 |   3 |  928.0 |
       Dungeon |   2784 |   2571 |    213 |      0 |   2052 |   3 |  928.0 |
               +--------+--------+--------+--------+--------+-----+--------+

Top non-repeatable levels by time:
     D:2: 1731 daAuts
     D:1: 885 daAuts
     D:3: 167 daAuts
